 Dungeon Crawl Stone Soup version 0.31.0-11-ge490571c62 (webtiles) character file.

Game seed: 6053535194923906255

300 Bobbunny the Trooper (level 6, -6/52 HPs)
             Began as a Formicid Fighter on Feb 3, 2024.
             Mangled by a gnoll
             ... wielding a +2 halberd of freezing
              (12 damage)
             ... on level 4 of the Dungeon.
             The game lasted 00:02:34 (2770 turns).

Bobbunny the Trooper (Formicid Fighter)             Turns: 2770, Time: 00:02:35

Health: -6/52      AC:  9    Str: 23    XL:     6   Next: 64%
Magic:  6/6        EV:  9    Int:  7    God:
Gold:   148        SH:  5    Dex: 13    Spells: 5/5 levels left

rFire   . . .        a - +0 war axe
rCold   . . .        c - +0 buckler
rNeg    . . .        b - +0 scale mail
rPois   .            (helmet unavailable)
rElec   .            (no cloak)
rCorr   .            g - +1 pair of gloves
SInv    +            (no boots)
Will    +....        (no amulet) Stlth
                     k - ring of willpower
HPRegen 0.28/turn    (no ring)
MPRegen 0.10/turn

%: no passive effects
@: no status effects
A: permanent stasis, dig shafts and tunnels, antennae 3, four strong arms
a: Dig, Shaft Self


You were on level 4 of the Dungeon.
You visited 1 branch of the dungeon, and saw 4 of its levels.

You collected 148 gold pieces.

Inventory:

Hand Weapons
 a - a +0 war axe (weapon)
Missiles
 f - 17 poisoned darts
 i - 2 atropa-tipped darts (quivered)
Armour
 b - a +0 scale mail (worn)
 c - a +0 buckler (worn)
 g - a +1 pair of gloves (worn)
Jewellery
 k - a ring of willpower (left hand)
Scrolls
 e - 5 scrolls of identify {unknown}
 h - a scroll of noise {unknown}
 j - a scroll of immolation
 n - a scroll of fear {unknown}
 p - a scroll of amnesia {unknown}
 q - a scroll of teleportation {unknown}
 r - a scroll of enchant weapon {unknown}
Potions
 d - a potion of might
 l - 2 potions of heal wounds {unknown}
 m - a potion of resistance {unknown}
 o - 3 potions of curing {unknown}


   Skills:
 + Level 5.7 Fighting
 + Level 4.6 Axes
 + Level 1.3 Throwing
 - Level 3.2 Armour
 - Level 4.0 Shields


You had 5 spell levels left.
You didn't know any spells.
Your spell library contained the following spells:

 Spells                   Type           Power      Damage    Failure   Level
 Ozocubu's Armour         Ice            0%         N/A       99%         3
 Metabolic Englaciation   Hex/Ice        0%         N/A       100%        5
 Sculpt Simulacrum        Ice/Alch       0%         N/A       100%        6


Dungeon Overview and Level Annotations

Branches:
Dungeon (4/15)
 Temple: D:4-7

Altars:
Xom
The Shining One

Annotations:
D:2 1 runed translucent door, Crazy Yiuf


Innate Abilities, Weirdness & Mutations

You cannot be hasted, slowed, berserked, paralysed or teleported.
You can dig through walls and to a lower floor.
You have a pair of large antennae on your head. (SInv)
Your four strong arms can wield two-handed weapons with a shield.


Message History

The gnoll appears confused.
A goblin comes into view. It is wielding a +0 club.
The gnoll is no longer blind.
You throw an atropa-tipped dart. The atropa-tipped dart hits the gnoll.
The gnoll appears confused.
The gnoll seems less confused.
The gnoll hits you but does no damage.
You closely miss the gnoll.
The gnoll is no longer blind.
The gnoll hits you with a +0 club. The gnoll closely misses you.
You block the gnoll's attack. x2
You barely miss the gnoll. The gnoll hits you with a +0 club.
The gnoll closely misses you.
You hit the gnoll.
The gnoll is lightly wounded.
The gnoll hits you but does no damage.
The gnoll hits you from afar with a +2 halberd of freezing.
The gnoll freezes you.
You slash the gnoll!
The gnoll is severely wounded.
The gnoll closely misses you.
The gnoll hits you from afar with a +2 halberd of freezing!
The gnoll freezes you. You block the gnoll's attack.
The gnoll barely misses you.
You hit the gnoll.
The gnoll is almost dead.
The gnoll hits you but does no damage.
The gnoll hits you from afar with a +2 halberd of freezing.
* * * LOW HITPOINT WARNING * * *
The gnoll freezes you.
* * * LOW HITPOINT WARNING * * *
The gnoll attacks as it pursues you! The gnoll hits you but does no damage.
The gnoll attacks as it pursues you!
The gnoll hits you from afar with a +2 halberd of freezing.
* * * LOW HITPOINT WARNING * * *
The gnoll freezes you.
* * * LOW HITPOINT WARNING * * *
The gnoll attacks as it pursues you! You block the gnoll's attack.
The gnoll attacks as it pursues you!
The gnoll hits you from afar with a +2 halberd of freezing!
You die...

...g>. ......##.# #.# #.
.g.(# ####.###.###.######.
... #................
#.###############.#######
#..g.{.g.# #..# ########.#
##.# #g# #.# #g# #.# #@#
#.# #.# #.######
#########<# #.##....
..........# #.....##
########..#########..#....
#............###...
##........#.##_##..
########....##'...
##.#..#....


You could see 2 gnolls and a goblin.

Vanquished Creatures
  A phantom (D:3)
  2 jellies (D:4)
  An orc wizard (D:4)
  4 gnolls
  2 adders
  3 ribbon worms
  3 dart slugs (D:2)
  4 orcs
  4 ball pythons
  3 bats
  4 endoplasms
  7 giant cockroaches
  5 hobgoblins
  6 jackals (D:3)
  4 frilled lizards
  4 goblins
  4 kobolds
  2 rats
63 creatures vanquished.

Notes
Turn   | Place    | Note
-------+----------+-------------------------------------------
     0 | D:1      | Bobbunny the Formicid Fighter began the quest for the Orb.
     0 | D:1      | Reached XP level 1. HP: 18/18 MP: 1/1
   104 | D:1      | Reached XP level 2. HP: 24/24 MP: 2/2
   286 | D:1      | Reached XP level 3. HP: 25/30 MP: 3/3
   325 | D:2      | Reached skill level 4 in Fighting
   436 | D:2      | Found a runed translucent door.
   437 | D:2      | Noticed Crazy Yiuf
   759 | D:2      | Reached XP level 4. HP: 37/37 MP: 4/4
   761 | D:2      | Found a faded altar of an unknown god.
  1513 | D:3      | Found a shimmering altar of Xom.
  1518 | D:3      | Noticed a phantom
  1531 | D:3      | Killed a phantom
  1532 | D:3      | Reached skill level 5 in Fighting
  1532 | D:3      | Reached XP level 5. HP: 37/44 MP: 5/5
  2084 | D:3      | Reached XP level 6. HP: 51/51 MP: 6/6
  2294 | D:4      | Reached skill level 1 in Throwing
  2717 | D:4      | Found a glowing golden altar of the Shining One.
  2770 | D:4      | Mangled by a gnoll

Illustrated notes

Levels and vault maps discovered:
D:1:      lemuel_arrival_tunnels, layout_basic, minmay_misc_feat_doors
D:2:      layout_loops_corners, hellmonk_ecumenical_altar_blasted,
          uniq_crazy_yiuf_cottage
D:3:      layout_basic, xom_teletrap_fun
D:4:      layout_loops_ring, tso_oasis_becter

Skill      XL: |  1  2  3  4  5  6 |
---------------+-------------------+-----
Fighting       | 4 5 |  5.7
Axes           | 3 4 |  4.6
Throwing       | 1 |  1.3
Armour         | |  3.2
Shields        | |  4.0

Action                     |  1- 3 |  4- 6 || total
---------------------------+-------+-------++-------
  Melee: War axe           |    74 |   129 ||   203
  Throw: Dart              |       |     3 ||     3
Ability: Dig               |       |     4 ||     4
 Armour: Scale mail        |    58 |   102 ||   160
  Dodge: Dodged            |    42 |    66 ||   108
  Block: Buckler           |    10 |    34 ||    44
